 Dungeon Crawl Stone Soup version 0.19-a0-1786-g230130f (webtiles) character file.

107 wazuzu the Ruffian (level 4, 0/38 HPs)
             Began as a Draconian Berserker on Oct 3, 2016.
             Was a Believer of Trog.
             Slain by a frilled lizard (1 damage)
             ... on level 3 of the Dungeon.
             The game lasted 00:05:46 (1901 turns).

wazuzu the Ruffian (Draconian Berserker)            Turns: 1901, Time: 00:05:48

Health: 0/38       AC:  5    Str: 19    XL:     4   Next: 57%
Magic:  4/4        EV: 10    Int:  7    God:    Trog [**....]
Gold:   73         SH:  8    Dex: 12    Spells: 0 memorised, 3 levels left

rFire  . . .     SeeInvis +       - Unarmed
rCold  . . .     Gourm    .     (armour unavailable)
rNeg   . . .     Faith    .     b - +1 shield {reflect}
rPois  .         Spirit   .     (helmet restricted)
rElec  .         Dismiss  .     (no cloak)
rCorr  .         Reflect  +     (no gloves)
MR     .....     Harm     .     (no boots)
Stlth  +.........               (no amulet)
                                (no ring)
                                e - ring of see invisible

@: no status effects
A: unfitting armour, cold-blooded, AC +5
a: Berserk, Trog's Hand, Burn Spellbooks, Renounce Religion


You were on level 3 of the Dungeon.
You worshipped Trog.
Trog was pleased with you.
You were not hungry.

You visited 1 branch of the dungeon, and saw 3 of its levels.

You collected 73 gold pieces.

Inventory:

Armour
 b - a +1 shield of reflection (worn)
Jewellery
 e - a ring of see invisible (left hand)
Scrolls
 h - a scroll of magic mapping {unknown}
 m - a scroll of identify {unknown}
 o - a scroll of amnesia {unknown}
Potions
 f - 2 potions of lignification {unknown}
 k - a potion of berserk rage {unknown}
 l - a potion of agility {unknown}
 p - a potion of brilliance {unknown}
Comestibles
 a - 3 bread rations
 d - a chunk of flesh
 j - a slice of pizza


   Skills:
 - Level 3.2 Fighting
 - Level 2.6 Dodging
 + Level 5.4 Unarmed Combat


You had 3 spell levels left.
You didn't know any spells.

Dungeon Overview and Level Annotations

Branches:
Dungeon (3/15)

Altars:


Innate Abilities, Weirdness & Mutations

Your plain brown scales are hard. (AC +5)
You cannot fit into any form of body armour.
You are cold-blooded and may be slowed by cold attacks.


Message History

You block the frilled lizard's attack.
The frilled lizard bites you but does no damage.
The giant cockroach closely misses you.
The orc priest miscasts a cantrip.
You block the frilled lizard's attack.
Found a stone staircase leading down.
Things that are here:
a club; an orc corpse Your shield prevents you from hitting the orc priest.
You tail-slap the orc priest.
The orc priest is lightly wounded.
You block the frilled lizard's attack. The frilled lizard barely misses you.
Your shield prevents you from hitting the orc priest.
You tail-slap the orc priest, but do no damage.
The orc priest is lightly wounded.
The orc priest calls down the wrath of Beogh upon you.
Pain shoots through your body!
* * * LOW HITPOINT WARNING * * *
You block the giant cockroach's attack. The frilled lizard bites you.
You die...

.....#.### ..
.........### #......>.
#..........### #.$?.>....
##...........###.........
#.........#..#..........
#.......................
#........#.............
########"...)..os...#
#.......@l)..####
#####...!...[l...<...
#.............)..##..
#.......=............
#........†...........
#######..............
#..............
................
........?........


You could see an orc priest, a giant cockroach and 2 frilled lizards.

Vanquished Creatures
  Jessica (D:3)
  An adder (D:3)
  An ooze (D:2)
  2 worms (D:2)
  2 dart slugs
  A leopard gecko (D:1)
  4 orcs (D:3)
  A ball python (D:2)
  5 giant cockroaches
  3 goblins
  4 hobgoblins
  4 jackals (D:2)
  5 kobolds
  2 quokkas (D:2)
  7 bats
  4 frilled lizards
  3 rats
  2 bushes (D:2)
52 creatures vanquished.

Notes
Turn   | Place    | Note
-------+----------+-------------------------------------------
     0 | D:1      | wazuzu the Draconian Berserker began the quest for the Orb.
     0 | D:1      | Reached XP level 1. HP: 19/19 MP: 1/1
   130 | D:1      | Reached XP level 2. HP: 18/26 MP: 2/2
   476 | D:1      | Reached skill level 4 in Unarmed Combat
   746 | D:2      | Reached XP level 3. HP: 28/31 MP: 3/3
   759 | D:2      | Reached ** piety under Trog
  1093 | D:2      | Found a faded altar of an unknown god.
  1773 | D:3      | Noticed Jessica
  1783 | D:3      | Killed Jessica
  1783 | D:3      | Reached skill level 5 in Unarmed Combat
  1783 | D:3      | Reached XP level 4. HP: 34/38 MP: 4/4
  1901 | D:3      | HP: 1/38 [orc priest/nerve-wracking pain (14)]
  1901 | D:3      | Slain by a frilled lizard

Vault maps used:
D:1:      dpeg_arrival_rhombi, grunt_decor_fettered
D:2:      wad_crossroads, ecumenical_altar_1, serial_forest,
          infiniplex_forest_clump_double, infiniplex_forest_straight_1,
          infiniplex_forest_end_2, infiniplex_forest_end_3,
          infiniplex_forest_clump_medium, infiniplex_forest_clump_curved,
          infiniplex_forest_lined_2, infiniplex_forest_lined_room_2,
          infiniplex_forest_clump_tiny, infiniplex_forest_clump_curved
D:3:      nicolae_gozag_cash_rules_everything_around_me, uniq_jessica

Skill      XL: |  1  2  3 |
---------------+----------+-----
Unarmed Combat | 4 5 |  5.4
Fighting       | |  3.2
Dodging        | |  2.6

Action                   |  1- 3 |  4- 6 || total
-------------------------+-------+-------++-------
Melee: Unarmed           |   299 |    50 ||   349
       Tailslap          |    68 |     4 ||    72
       Punch             |    12 |       ||    12
  Use: Scroll            |       |     4 ||     4
 Stab: Sleeping          |     1 |       ||     1
  Eat: Bread ration      |     1 |       ||     1
       Chunk             |     1 |       ||     1
Armor: Skin              |    39 |    32 ||    71
Dodge: Dodged            |    87 |    33 ||   120
Block: Shield            |       |    22 ||    22
